← All builds
Tech / Armada / Economy first / OBSERVED BUILD

Standard tech

Armada Tech (Eco) build order · Supreme Isthmus

Rushes T2 factory and T2 constructor to supply the team, upgrading mexes first and sending the first T2 constructor to Geo before scaling its own eco.

Usually first T2 con to Geo (82%)

#eco #t2 #team support · 1779 distinct matches · 271 players · 59% of Armada Tech games · team won 54% of 2103 · Recently observed

HOW TO PLAY IT

Key timing: T2 factory by 4:15

  1. Open 3 mex and heavy wind to fund a fast T2 rush.
  2. Put down Bot Lab, planning to eat it for reclaim soon after.
  3. Get Advanced Bot Lab up, hitting the T2 factory rush timing.
  4. Upgrade mex to Advanced Metal Extractor to lock in team metal income.
  5. Eat Advanced Bot Lab and keep sending cons to Geo and Pond.

Phase by phase

TYPICAL OF ITS 1779 GAMES
  1. 1
  2. 2
  3. 3
  4. 4
PLAY THE OPENING

Follow the example game's first 6:00 step by step: what to build now, what comes next, and where it goes. At 1× it keeps pace with your own game.

  1. 1

    Up to the Bot Lab

    Economy
    • Metal Extractor3Mex
    • Wind Turbine4Wind
    Order
    1. Bot LabBot Lab after 3 mex, 4 winddone ~1:18, middle half 1:13–1:32

    Some games also: energy storage (32%)

    By 1:01 in all: 3 mex · 4 wind

    The example game in this phase · 3 steps
    1. Mex ×3
    2. Wind ×3
    3. Bot LabBot Labdone 1:09 · typical 1:18
  2. 2

    Bot Lab to Advanced Bot Lab

    Economy
    • Metal Extractor1Mex
    • Wind Turbine8Wind
    • Energy Storage1Energy storage
    Order
    1. Advanced Bot LabAdvanced Bot Lab after 4 mex, 12 wind, 3 con turretdone ~4:16, middle half 4:04–4:30
    Builders
    • Construction Turret3 Con turret
    • Lazarus3 Lazarus
    • Construction Bot2 Con bot
    • Construction Bot1 Con bot for allies

    Some games also: converter (36%)

    By 3:18 in all: 4 mex · 12 wind · 1 energy storage · 3 con turret

    The example game in this phase · 23 steps
    1. Wind
    2. LazarusLazarus
    3. Wind
    4. LazarusLazarus
    5. Wind
    6. Construction BotCon botfor Air
    7. Construction BotCon bot
    8. LazarusLazarus
    9. Con turret
    10. LazarusLazarus
    11. Wind
    12. Mex
    13. Wind
    14. Con turret
    15. Wind ×3
    16. Converter
    17. Wind
    18. Converter ×2
    19. Wind
    20. Energy storage
    21. Con turret
    22. Wind
    23. Advanced Bot LabAdvanced Bot Labdone 4:22 · typical 4:16
  3. 3

    Advanced Bot Lab to 5:00

    Economy
    • Wind Turbine3Wind
    Order
    1. Bot LabEat Bot Lab
    Builders
    • Advanced Construction Bot1 T2 con bot for allies

    Some games also: converter (35%)

    By 5:00 in all: 4 mex · 15 wind · 1 converter · 1 energy storage · 3 con turret

    The example game in this phase · 4 steps
    1. Bot LabEat Bot Labreclaimed for its metal
    2. Advanced Construction BotT2 con botfor Geo
    3. Advanced Metal ExtractorT2 mexdone 4:55 · typical 5:28
    4. FatboyFatboyfor Ponddone 5:23
  4. 4

    5:00 to 10:00

    Economy
    • Wind Turbine43Wind
    • Energy Converter6Converter
    Builders
    • Butler9 Butler
    • Advanced Construction Bot4 T2 con bot for allies
    • Advanced Construction Bot1 T2 con bot

    Some games also: con turret (42%) · Butler for allies (36%)

    By 10:00 in all: 4 mex · 59 wind · 8 converter · 1 energy storage · 3 con turret

    The example game in this phase · 149 steps
    1. Advanced Construction BotT2 con botfor Air
    2. Advanced Metal ExtractorT2 mex ×2
    3. Wind
    4. Advanced Construction BotT2 con botfor Geo sea
    5. Wind
    6. ButlerButler
    7. Wind
    8. ButlerButler
    9. Wind
    10. ButlerButler
    11. Advanced Metal ExtractorT2 mex
    12. Wind
    13. ButlerButler
    14. Wind ×3
    15. ButlerButler
    16. Wind ×2
    17. ButlerButler
    18. Wind ×2
    19. ButlerButler
    20. Wind ×2
    21. ButlerButler
    22. Wind ×3
    23. Advanced Construction BotT2 con botfor Beach sea
    24. Wind ×3
    25. Converter
    26. Wind ×2
    27. Advanced Construction BotT2 con botfor Pond
    28. Wind ×4
    29. Converter
    30. Wind
    31. ButlerButler
    32. Wind ×3
    33. ButlerButler
    34. Converter
    35. Wind ×3
    36. ButlerButler
    37. Wind ×2
    38. Converter
    39. Wind ×4
    40. ButlerButler
    41. Wind ×4
    42. Converter
    43. Wind ×5
    44. Converter
    45. Con turret
    46. Wind ×3
    47. Converter
    48. Wind ×3
    49. Con turret
    50. Wind
    51. Converter
    52. Advanced Construction BotT2 con bot
    53. Wind ×4
    54. Con turret
    55. Converter
    56. Wind ×2
    57. Converter
    58. Wind ×3
    59. Converter
    60. Wind ×3
    61. Fusion ReactorFusiondone 10:47
    62. Converter
    63. Wind ×4
    64. Converter
    65. Wind
    66. Converter
    67. Wind ×4
    68. Converter
    69. Wind ×4
    70. Advanced Bot LabEat Advanced Bot Labreclaimed for its metal
    71. Converter ×2
    72. Wind ×8
    73. Converter ×2
    74. Wind ×4
    75. Advanced Fusion ReactorAdvanced Fusion Reactordone 13:52
    76. Converter
    77. Wind ×3
    78. Converter
    79. Wind ×3
    80. Converter ×3
    81. Wind ×3
    82. Con turret
    83. Wind ×3
    84. Converter
    85. Con turret
    86. Converter ×2
    87. Wind ×2
    88. Converter
    89. Con turret
    90. Converter ×3
    91. Wind ×2
    92. Converter
    93. Wind
    94. Converter ×4
    95. Wind
    96. Con turret
    97. Converter ×3
    98. Wind
    99. Converter ×43
    100. BeamerBeamer
    101. Converter ×23
    102. Wind
    103. Converter ×5
    104. Wind
    105. Converter ×5
    106. Wind
    107. Converter ×4
    108. Wind
    109. Converter
    110. Wind
    111. Converter ×4
    112. Aircraft PlantAircraft Plantdone 14:03
    113. Wind
    114. Converter ×2
    115. Con turret
    116. Converter ×3
    117. Wind
    118. Con turret
    119. ValiantValiant
    120. Wind
    121. ValiantValiant
    122. FalconFighter
    123. Con turret
    124. Converter
    125. ValiantValiant
    126. FalconFighter
    127. ValiantValiant
    128. Wind
    129. Converter ×2
    130. Con turret
    131. ValiantValiant
    132. Converter ×2
    133. ValiantValiant
    134. FalconFighter
    135. ValiantValiant
    136. FalconFighter
    137. Converter
    138. ValiantValiant
    139. FalconFighter
    140. Converter
    141. FalconFighter
    142. ValiantValiant
    143. FalconFighter
    144. ValiantValiant
    145. FalconFighter
    146. Con turret
    147. ValiantValiant
    148. ArbalestArbalest
    149. Wind

Counts are medians over the build's games: half of them build more, half fewer. The example game is Syphos's (43 OS, 15/10/2026); pick another.

Team trades

IN AT LEAST 30% OF ITS GAMES

You hand over

  • Construction Bot1 Con bot to Airfirst at 2:23 · in 83% of games
  • Advanced Construction Bot5 T2 con bot to Air or Pond or Geo seafirst at 4:51 · in 99% of games
  • Butler2 Butler to Geo sea or Beach sea or Pondfirst at 9:06 · in 42% of games

You get

  • Hercules1 Light transport from Airfirst at 4:01 · in 86% of games

How it plays out

Typical game of this build, running totals by minute

Metal produced

020k40k
0:005:0010:0015:00

metal

Enemy metal destroyed

050100
0:005:0010:0015:00

metal

Own metal lost

050100150
0:005:0010:0015:00

metal

2103 games.

Show as table
ByMetal produced: This buildEnemy metal destroyed: This buildOwn metal lost: This build
1:0038300
2:0091500
3:00165500
4:00314800
5:00484700
6:00580500
7:00724700
8:00908400
9:001121800
10:001354500
11:001626000
12:001967800
13:002346800
14:0027372074
15:003159093130
WHAT THE NUMBERS SAY

Standard Tech play barely fights at all early, instead pouring metal into T2 infrastructure and constructors for the team.

  • + Metal produced hits 31679 by 15:00, by far the highest of any role here.
  • + T2 factory reached in 97% of games by 4:15, fastest and most reliable T2 timing.
  • − Enemy metal destroyed stays at 0 through 10:00, no early offense at all.
  • − Own metal lost also near 0, showing total avoidance of combat risk.
THE EXAMPLE YOU ARE READING

Syphos

42.8 OS · 15/10/2026

Open source match ↗

102 received units · includes a constructor
4097 metal received · 88100 energy received

Allied construction assistance is unknown. Timings are observations, not a promise of solo reproducibility.

Typical milestones

Bot Lab1:18Middle 50%: 1:13–1:32 · n=2103
Advanced Bot Lab4:16Middle 50%: 4:04–4:30 · n=2096
Advanced Metal Extractor5:28Middle 50%: 5:05–5:58 · n=2099

Played most by

Amrissa97games of this buildTheGeneraI70games of this buildAdeus62games of this buildUncle_Cane60games of this buildCrouxy54games of this build